 Dungeon Crawl Stone Soup version 0.18.1-48-g4cf74bf (webtiles) character file.

183 Krapule the Insei (level 5, -1/34 HPs)
             Began as an Octopode Transmuter on Aug 5, 2016.
             Was a Follower of Cheibriados.
             Slain by a killer bee (4 damage)
             ... on level 7 of the Dungeon.
             The game lasted 00:12:17 (4245 turns).

Krapule the Insei (Octopode Transmuter)             Turns: 4245, Time: 00:12:18

Health: -1/34      AC:  1    Str: 13    XL:     5   Next: 62%
Magic:  7/9        EV: 15    Int: 18    God:    Cheibriados [*.....]
Gold:   198        SH:  0    Dex: 16    Spells: 2 memorised, 6 levels left

rFire  . . .     SeeInvis .       - Unarmed
rCold  . . .     Gourm    .     (no shield)
rNeg   . . .     Faith    .     (helmet restricted)
rPois  .         Spirit   .     (no amulet)
rElec  .         Dismiss  .     q - ring of protection from magic
rCorr  .         Reflect  .     (no ring)
SustAt .         Harm     .     (no ring)
MR     +....                    (no ring)
Stlth  +++.......               (no ring)
                                (no ring)
                                (no ring)
                                (no ring)

@: very slow, somewhat resistant to hostile enchantments, fairly stealthy
A: almost no armour, amphibious, 8 rings, constrict 8, repulsion field 1,
camouflage 1, gelatinous body 1
a: Bend Time, Renounce Religion


You were on level 7 of the Dungeon.
You worshipped Cheibriados.
Cheibriados was aware of your devotion.
You were hungry.

You visited 1 branch of the dungeon, and saw 6 of its levels.

You collected 198 gold pieces.

Inventory:

Missiles
 a - 44 arrows
Jewellery
 q - a ring of protection from magic (left tentacle)
Wands
 s - a wand of random effects (20/48)
Scrolls
 d - 3 scrolls of teleportation {unknown}
 e - a scroll of magic mapping
 f - a scroll of fear {unknown}
 j - a scroll of identify {unknown}
 m - a scroll of enchant armour {unknown}
 n - a scroll of immolation {unknown}
 o - a scroll of random uselessness {unknown}
 r - a scroll of noise {unknown}
Potions
 g - a potion of heal wounds {unknown}
 h - a potion of mutation {unknown}
 k - a potion of degeneration {unknown}
 l - a potion of resistance {unknown}
 p - 2 potions of beneficial mutation
Books
 b - a book of Changes

   Spells                             Type                      Level
   a - Beastly Appendage              Transmutation                1
   b - Sticks to Snakes               Transmutation                2
   c - Spider Form                    Transmutation/Poison         3
   d - Ice Form                       Ice/Transmutation            4
   e - Blade Hands                    Transmutation                5
 t - a Necronomicon

   Spells                             Type                      Level
   a - Haunt                          Necromancy/Summoning         7
   b - Borgnjor's Revivification      Necromancy                   8
   c - Death's Door                   Charms/Necromancy            8
   d - Necromutation                  Transmutation/Necromancy     8
Comestibles
 c - 2 bread rations
 u - a meat ration


   Skills:
 + Level 2.1 Fighting
 + Level 2.6 Dodging
 + Level 2.7 Stealth
 + Level 3.6 Unarmed Combat
 + Level 2.8 Spellcasting
 + Level 2.8 Transmutations
 + Level 1.0 Invocations


You had 6 spell levels left.
You knew the following spells:

 Your Spells              Type           Power        Failure   Level  Hunger
a - Beastly Appendage     Trmt           ##....       6%          1    None
b - Sticks to Snakes      Trmt           ##......     10%         2    ##.....


Dungeon Overview and Level Annotations

Branches:
Dungeon (5/15)             Temple (0/1) D:4

Altars:
Cheibriados
Elyvilon
Pakellas
Yredelemnul


Innate Abilities, Weirdness & Mutations

You cannot wear most types of armour.
You are amphibious.
You can wear up to eight rings at the same time.
You can use your tentacles to constrict eight enemies at once.
Your skin changes colour to match your surroundings (Stealth).
Your rubbery body absorbs attacks (AC +1).
You are surrounded by a mild repulsion field (EV +2).


Message History

The killer bee misses you. The killer bee stings you.
You tentacle-slap the killer bee but do no damage.
The killer bee is lightly wounded.
You constrict the killer bee. The killer bee stings you!
* * * LOW HITPOINT WARNING * * *
The killer bee closely misses you.
Your ball python closely misses the killer bee.
Drink which item? (? for menu, Esc to quit)
It was a potion of beneficial mutation.
You begin to radiate repulsive energy.
You feel fantastic!
You constrict the killer bee. The killer bee stings you.
* * * LOW HITPOINT WARNING * * *
The killer bee barely misses you.
Your ball python barely misses the killer bee.
Drink which item? (? for menu, Esc to quit)
You feel better.
You constrict the killer bee. The killer bee stings you!
* * * LOW HITPOINT WARNING * * *
Your ball python barely misses the killer bee.
The killer bee stings you.
You die...

#### ####...
....... .......
....... .......##
#####. ....[...#
#......
........##.....%.
........@S.......
........y........
.....[.#.........
########...).....
..........
...........
##.#........
..#........
#.##...??...


You could see a killer bee and a friendly ball python.

Vanquished Creatures
  A hound (D:4)
  6 adders
  4 oozes
  A worm (D:2)
  A dart slug (D:4)
  4 giant geckos
  An orc (D:3)
  A giant cockroach (D:1)
  8 goblins
  12 hobgoblins
  2 jackals (D:3)
  3 kobolds
  4 quokkas
  3 ball pythons
  9 bats
  5 giant newts
  9 rats
74 creatures vanquished.

Vanquished Creatures (collateral kills)
  A giant gecko (D:3)
1 creature vanquished.

Vanquished Creatures (others)
  A worker ant (D:5)
1 creature vanquished.

Grand Total: 76 creatures vanquished

Notes
Turn   | Place    | Note
--------------------------------------------------------------
     0 | D:1      | Krapule the Octopode Transmuter began the quest for the Orb.
     0 | D:1      | Reached XP level 1. HP: 13/13 MP: 3/3
   171 | D:1      | Reached XP level 2. HP: 9/18 MP: 5/5
   756 | D:1      | Reached skill level 1 in Stealth
   815 | D:1      | Reached XP level 3. HP: 23/23 MP: 6/6
   924 | D:1      | Learned a level 2 spell: Sticks to Snakes
  1388 | D:2      | Reached XP level 4. HP: 23/28 MP: 4/7
  1760 | D:2      | Found an oddly glowing altar of Pakellas.
  1904 | D:2      | Found a snail-covered altar of Cheibriados.
  1994 | D:2      | Became a worshipper of Cheibriados the Contemplative
  2625 | D:3      | Reached * piety under Cheibriados
  2984 | D:3      | Reached XP level 5. HP: 34/34 MP: 9/9
  3082 | D:3      | Noticed a phantom
  3655 | D:4      | Found a white marble altar of Elyvilon.
  3700 | D:4      | Found a staircase to the Ecumenical Temple.
  3970 | D:4      | Found a basalt altar of Yredelemnul.
  4161 | D:4      | Reached skill level 1 in Invocations
  4227 | D:5      | Entered Level 5 of the Dungeon
  4234 | D:5      | You fall through a shaft for 2 floors!
  4244 | D:7      | Gained mutation: You are surrounded by a mild repulsion field (EV +2). [potion of beneficial mutation]
  4245 | D:7      | Slain by a killer bee

Skill      XL: |  1  2  3  4  5 |
---------------+----------------+-----
Stealth        | 1 2 |  2.7
Fighting       | 2 |  2.1
Invocations    | 1 |  1.0
Dodging        | |  2.6
Unarmed Combat | |  3.6
Spellcasting   | |  2.8
Transmutations | |  2.8

Action                   |  1- 3 |  4- 6 || total
-------------------------+-------+-------++-------
Melee: Unarmed           |    69 |   102 ||   171
       Constrict         |    19 |    25 ||    44
       Tentacles         |     7 |    19 ||    26
       Punch             |       |     2 ||     2
 Cast: Sticks to Snakes  |     3 |    10 ||    13
  Use: Potion            |     1 |     3 ||     4
       Scroll            |       |     2 ||     2
 Stab: Sleeping          |     4 |     6 ||    10
  Eat: Chunk             |     1 |     7 ||     8
Armor: Skin              |     3 |     4 ||     7
Dodge: Dodged            |    39 |    65 ||   104
